 Dungeon Crawl Stone Soup version 0.22.0-38-g04b72b8 (webtiles) character file.

435 Zubo the Digger (level 7, -1/38 HPs)
             Began as a Gargoyle Earth Elementalist on Aug 31, 2018.
             Was an Initiate of Vehumet.
             Splashed by a jelly's acid (11 damage)
             ... on level 5 of the Dungeon.
             The game lasted 00:11:11 (5676 turns).

Zubo the Digger (Gargoyle Earth Elementalist)       Turns: 5676, Time: 00:11:12

Health: -1/38      AC:  3    Str: 11    XL:     7   Next: 0%
Magic:  4/12       EV: 12    Int: 18    God:    Vehumet [......]
Gold:   175        SH:  0    Dex: 10    Spells: 4/13 levels left

rFire    . . .     SeeInvis .   k - +0 flail
rCold    . . .     Gourm    .   (no shield)
rNeg     + . .     Faith    .   c - +1 robe
rPois    ∞         Spirit   .   (no helmet)
rElec    +         Reflect  .   (no cloak)
rCorr    .         Harm     .   (no gloves)
MR       .....                  (no boots)
Stlth    ++........             b - amulet of regeneration
HPRegen  0.52/turn              (no ring)
MPRegen  0.13/turn              (no ring)

@: corroded, very slightly contaminated
A: negative energy resistance 1, electricity resistance, unbreathing,
petrification resistance, rot immunity, AC +4
a: Renounce Religion


You were on level 5 of the Dungeon.
You worshipped Vehumet.
Vehumet was noncommittal.
You were not hungry.

You visited 1 branch of the dungeon, and saw 5 of its levels.

You collected 175 gold pieces.

Inventory:

Hand Weapons
 k - a +0 flail (weapon)
 o - a +0 short sword
Missiles
 p - 20 stones (quivered)
Armour
 c - a +1 robe (worn)
Jewellery
 b - an amulet of regeneration (around neck)
Wands
 j - a wand of digging (6)
 q - a wand of clouds (7)
Scrolls
 e - 4 scrolls of teleportation
 i - a scroll of blinking
 m - 2 scrolls of remove curse
 n - a scroll of fear
Potions
 a - 2 potions of heal wounds
 f - a potion of magic
 h - 2 potions of invisibility
 l - 2 potions of curing
Comestibles
 d - 11 rations


   Skills:
 + Level 1.3 Fighting
 + Level 2.0 Dodging
 - Level 2.1 Stealth
 * Level 3.6 Spellcasting
 + Level 1.2 Conjurations
   Level 0.7 Transmutations
 + Level 7.4 Earth Magic


You had 4 spell levels left.
You knew the following spells:

 Your Spells              Type           Power        Failure   Level  Hunger
a - Sandblast             Erth           ####..       1%          1    None
b - Stone Arrow           Conj/Erth      ###...       8%          3    ###....
c - Lee's Rapid Deconstr  Erth           ####......   21%         5    ######.

Your spell library contained the following spells:

 Spells                   Type           Power        Failure   Level  Hunger
 Passwall                 Tmut/Erth      ###.....     4%          2    ##.....
 Petrify                  Tmut/Erth      ###.....     28%         4    ####...


Dungeon Overview and Level Annotations

Branches:
Dungeon (5/15)
 Temple: D:4-7

Altars:
Hepliaklqana
Kikubaaqudgha
Makhleb
Nemelex Xobeh
Okawaru
Trog
Vehumet
Wu Jian
The Shining One


Innate Abilities, Weirdness & Mutations

You are resistant to torment.
Your stone body is resilient. (AC +4)
You are immune to poison.
You resist negative energy. (rN+)
You are resistant to electric shocks. (rElec)
You can survive without breathing.
You are immune to petrification.
You are immune to rotting.


Message History

Something hits you but does no damage.
You miss something. The jelly closely misses you.
Something hits you but does no damage.
You barely miss something. The jelly barely misses you.
Something completely misses you. The jelly barely misses you.
Something hits you but does no damage.
You miss something. The jelly barely misses you.
Something hits you but does no damage.
You miss something. The jelly barely misses you. Something hits you.
Something shocks you. You resist. The jelly barely misses you.
You miss something. Something hits you but does no damage.
The jelly hits you but does no damage. Something hits you but does no damage.
You miss something. The jelly hits you.
You are splashed with acid!
The acid burns!
Something hits you but does no damage.
You barely miss something. The jelly hits you. The acid corrodes you!
You are splashed with acid!
The acid burns!
Something hits you. Something shocks you. You resist. The jelly hits you.
* * * LOW HITPOINT WARNING * * *
You are splashed with acid!
The acid burns!
You die...

#.# #.# .# #.#
#.# #.# #.#
########.# #.#
.........#
###.###
#######..##
#.....##
#...###......##
#..J@{....<...#
#...###......##
#.### #.....##
...# ###.#.##
##### #....####
#..#....#
##...##.# ##.##
.# #.# .#


You could see a jelly.

Vanquished Creatures
  An orc warrior (D:4)
  A crimson imp (D:4)
  A hound (D:4)
  An orc wizard (D:4)
  A bullfrog skeleton (D:5)
  Jessica (D:2)
  Natasha (D:2)
  7 adders
  A howler monkey skeleton (D:4)
  2 oozes
  3 adder skeletons (D:4)
  4 worms
  A dart slug (D:2)
  A leopard gecko (D:1)
  5 orcs
  7 bats
  A giant cockroach (D:3)
  8 hobgoblins
  5 jackals
  3 kobolds
  4 quokkas
  3 frilled lizards (D:1)
  4 goblins
  3 rats
69 creatures vanquished.

Notes
Turn   | Place    | Note
-------+----------+-------------------------------------------
     0 | D:1      | Zubo the Gargoyle Earth Elementalist began the quest for the Orb.
     0 | D:1      | Reached XP level 1. HP: 10/10 MP: 3/3
    82 | D:1      | Reached skill level 4 in Earth Magic
   121 | D:1      | Reached XP level 2. HP: 3/15 MP: 1/5
   992 | D:2      | Reached XP level 3. HP: 1/19 MP: 3/6
  1319 | D:2      | Found an ancient bone altar of Kikubaaqudgha.
  1348 | D:2      | Noticed Jessica
  1441 | D:2      | Killed Jessica
  1441 | D:2      | Reached skill level 5 in Earth Magic
  1441 | D:2      | Reached XP level 4. HP: 22/24 MP: 3/8
  1875 | D:2      | Learned a level 3 spell: Stone Arrow
  2129 | D:2      | Noticed Natasha
  2138 | D:2      | Killed Natasha
  2426 | D:3      | Reached XP level 5. HP: 28/28 MP: 5/9
  2498 | D:3      | Found a glowing golden altar of the Shining One.
  2596 | D:3      | Reached skill level 6 in Earth Magic
  2620 | D:3      | Found a sparkling altar of Nemelex Xobeh.
  3752 | D:4      | Found a hazy altar of Hepliaklqana.
  3752 | D:4      | Found a bloodstained altar of Trog.
  3817 | D:4      | Found a burning altar of Makhleb.
  3818 | D:4      | Found a radiant altar of Vehumet.
  3833 | D:4      | Became a worshipper of Vehumet
  4088 | D:4      | Found an iron altar of Okawaru.
  4114 | D:4      | Reached skill level 7 in Earth Magic
  4114 | D:4      | Reached XP level 6. HP: 28/32 MP: 0/10
  4440 | D:4      | Learned a level 5 spell: Lee's Rapid Deconstruction
  4890 | D:4      | Noticed an orc warrior
  5255 | D:4      | Found an ornate altar of the Wu Jian Council.
  5452 | D:4      | Killed an orc warrior
  5452 | D:4      | Reached skill level 1 in Fighting
  5452 | D:4      | Reached skill level 1 in Conjurations
  5562 | D:5      | Entered Level 5 of the Dungeon
  5597 | D:5      | Reached XP level 7. HP: 30/38 MP: 3/12
  5676 | D:5      | Splashed by a jelly's acid

Skill      XL: |  1  2  3  4  5  6 |
---------------+-------------------+-----
Earth Magic    | 4 5 7 |  7.4
Spellcasting   | 3 |  3.6
Fighting       | 1 |  1.3
Conjurations   | 1 |  1.2
Dodging        | 2 |  2.0
Stealth        | |  2.1
Transmutations | |  0.7

Action                   |  1- 3 |  4- 6 |  7- 9 || total
-------------------------+-------+-------+-------++-------
Melee: Unarmed           |    54 |       |       ||    54
       Club              |       |    91 |       ||    91
       Flail             |       |    33 |    22 ||    55
 Cast: Sandblast         |    25 |     9 |       ||    34
       Stone Arrow       |       |    53 |     1 ||    54
       Lee's Rapid Decon |       |     1 |       ||     1
  Use: Scroll            |       |    11 |       ||    11
  Eat: Chunk             |     2 |    15 |     1 ||    18
       Ration            |       |     1 |       ||     1
Armor: Robe              |    19 |    65 |    21 ||   105
Dodge: Dodged            |    48 |   118 |    12 ||   178
